 Dungeon Crawl Stone Soup version 0.21.1-1-g345015f (webtiles) character file.

1416 Merlin the Cudgeler (level 8, -7/63 HPs)
             Began as a Demonspawn Chaos Knight on June 18, 2018.
             Mangled by a cyan ugly thing (14 damage)
             ... on level 7 of the Dungeon.
             The game lasted 00:23:04 (2648 turns).

Merlin the Cudgeler (Demonspawn Chaos Knight)       Turns: 2648, Time: 00:23:04

Health: -7/63      AC: 15    Str: 19    XL:     8   Next: 43%
Magic:  8/8        EV: 12    Int: 13    God:    Xom [...*..]
Gold:   155        SH:  0    Dex: 15    Spells: 7/7 levels left

rFire    . . .     SeeInvis +   a - +0 mace (chaos)
rCold    . . .     Gourm    .   (no shield)
rNeg     . . .     Faith    .   p - +0 scale mail
rPois    .         Spirit   .   (helmet restricted)
rElec    .         Reflect  .   k - +1 cloak
rCorr    .         Harm     .   (no gloves)
MR       .....                  (no boots)
Stlth    +.........             (no amulet)
HPRegen  0.20/turn              n - +6 ring of strength
MPRegen  0.11/turn              (no ring)

@: sanguine armour
A: horns 1, see invisible, foul stench 1, mutation resistance 1, spiny 1, rot
immunity, sanguine armour 1
a: Renounce Religion


You were on level 7 of the Dungeon.
You worshipped Xom.
You were a favourite toy of Xom.
You were not hungry.

You visited 1 branch of the dungeon, and saw 6 of its levels.

You collected 155 gold pieces.

Inventory:

Hand Weapons
 a - a +0 mace of chaos (weapon)
 f - a +3 war axe of flaming
 g - a +0 scythe
Armour
 b - a +2 leather armour
 h - a +0 robe
 i - a +0 ring mail
 k - a +1 cloak (worn)
 l - a +2 leather armour of cold resistance
 o - a +0 chain mail
 p - a +0 scale mail (worn)
Jewellery
 j - an uncursed ring of fire
 n - a +6 ring of strength (left hand)
Wands
 u - a wand of disintegration (7)
 x - a wand of random effects (21)
Scrolls
 c - a scroll of enchant weapon {unknown}
 r - 2 scrolls of amnesia {unknown}
 t - 4 scrolls of remove curse
 v - a scroll of teleportation {unknown}
Potions
 d - 2 potions of invisibility {unknown}
 e - 2 potions of flight
 m - a potion of mutation {unknown}
 q - a potion of brilliance {unknown}
 w - 2 potions of curing
Comestibles
 s - 2 rations


   Skills:
 + Level 5.5 Fighting
 + Level 6.7 Maces & Flails
 + Level 3.5 Armour
 + Level 4.1 Dodging
 + Level 2.7 Stealth


You had 7 spell levels left.
You didn't know any spells.

Dungeon Overview and Level Annotations

Branches:
Dungeon (5/15)             Temple (0/1) D:4

Altars:
Ashenzari
Cheibriados
Hepliaklqana
Kikubaaqudgha
Nemelex Xobeh
Okawaru
Ru


Innate Abilities, Weirdness & Mutations

You have a pair of small horns on your head.
You may emit foul miasma when damaged in melee.
You are partially covered in sharp spines.
You are immune to rotting.
When seriously injured, your bleeding wounds create armour. (AC +6)
You have supernaturally acute eyesight. (SInv)
You are somewhat resistant to further mutation.


Message History

The killer bee stings you but does no damage.
The killer bee is struck by your spines.
The killer bee stings you but does no damage.
The cyan ugly thing misses you.
You sock the killer bee!
You feel better.
You kill the killer bee!
The cyan ugly thing pecks you. The cyan ugly thing shocks you!
* * * LOW HITPOINT WARNING * * *
You hear Xom's avuncular chuckle.
The shadow imp seems to slow down.
An orc warrior comes into view. It is wielding a battleaxe.
The orc warrior shouts!
The orc warrior moves out of view.
There is an iron altar of Okawaru here.
The cyan ugly thing is struck by your spines.
The cyan ugly thing pecks you.
* * * LOW HITPOINT WARNING * * *
The cyan ugly thing shocks you!
You die...
Xom roars with laughter!

#.########## #
#.# ##.#######
#####........#
#.........##..
#..###.###..# .
##.....##...#
##.......##.##
##..#)@.#..###
#..#.hu..#..#
#.#.#.._._..#.#
#.......#.......
#.#.#.._)_..#.##
#..#.D†5.#..#
##..#...#..##
##..#.#..## ##.
...##


You could see a five-headed hydra, a cyan ugly thing, a howler monkey and a
shadow imp.

Vanquished Creatures
  A slime creature (D:7)
  Sigmund (D:3)
  A sky beast (D:5)
  A killer bee (D:7)
  5 wights (D:7)
  A crimson imp (D:5)
  An orc priest (D:4)
  6 orc wizards (D:4)
  Natasha (thrice) (D:4)
  A worker ant (D:5)
  6 adders
  A shadow imp (D:7)
  An ooze (D:1)
  4 worms
  A dart slug (D:3)
  A leopard gecko (D:3)
  19 orcs
  7 bats
  4 giant cockroaches
  6 goblins
  6 hobgoblins
  10 jackals
  7 kobolds
  2 quokkas
  2 ball pythons (D:3)
  A frilled lizard (D:2)
  2 jackal skeletons
  A leopard gecko skeleton (D:4)
  A rat (D:3)
103 creatures vanquished.

Vanquished Creatures (collateral kills)
  The ghost of salinator123 the Skirmisher, an amateur GrBe of Trog (D:4)
  An orc wizard (D:4)
  An orc priest (D:4)
  2 orcs (D:4)
5 creatures vanquished.

Vanquished Creatures (others)
  A hound (D:4)
  An adder (D:5)
2 creatures vanquished.

Grand Total: 110 creatures vanquished

Notes
Turn   | Place    | Note
-------+----------+-------------------------------------------
     0 | D:1      | Merlin the Demonspawn Chaos Knight began the quest for the Orb.
     0 | D:1      | Reached XP level 1. HP: 18/18 MP: 1/1
     3 | D:1      | Noticed an electric eel
     3 | D:1      | Noticed an electric eel
   130 | D:1      | XOM: potion effect (haste)
   136 | D:1      | Reached skill level 3 in Maces & Flails
   136 | D:1      | Gained mutation: You are immune to rotting. [demonic ancestry]
   136 | D:1      | Reached XP level 2. HP: 24/24 MP: 2/2
   138 | D:1      | XOM: harmless Hex miscast
   162 | D:1      | Reached skill level 1 in Dodging
   310 | D:2      | XOM: divination: magic mapping
   405 | D:2      | XOM: cast spell 'Olgreb's Toxic Radiance'
   410 | D:2      | Gained mutation: You are partially covered in sharp spines. [demonic ancestry]
   410 | D:2      | Reached XP level 3. HP: 22/29 MP: 3/3
   418 | D:2      | XOM: harmless Chrm miscast
   461 | D:2      | Found a sparkling altar of Nemelex Xobeh.
   542 | D:3      | Noticed Sigmund
   545 | D:3      | XOM: divination: detect items
   559 | D:3      | XOM: divination: detect creatures
   594 | D:3      | Killed Sigmund
   594 | D:3      | Reached skill level 4 in Maces & Flails
   594 | D:3      | Gained mutation: You have a pair of small horns on your head. [demonic ancestry]
   594 | D:3      | Reached XP level 4. HP: 20/37 MP: 4/4
   594 | D:3      | Gained mutation: When seriously injured, your bleeding wounds create armour. (AC +6) [demonic ancestry]
   594 | D:3      | Reached XP level 5. HP: 23/42 MP: 5/5
  1034 | D:3      | XOM: medium Tloc miscast
  1107 | D:3      | Reached XP level 6. HP: 27/49 MP: 6/6
  1318 | D:3      | Found a shattered altar of Ashenzari.
  1414 | D:3      | XOM: blink monster(s)
  1433 | D:4      | Found a staircase to the Ecumenical Temple.
  1529 | D:4      | Noticed salinator123's ghost (amateur GrBe)
  1533 | D:4      | XOM: potion effect (invisibility)
  1538 | D:4      | XOM: harmless Necr miscast
  1548 | D:4      | XOM: cast spell 'Leda's Liquefaction'
  1560 | D:4      | Killed salinator123's ghost
  1560 | D:4      | Reached skill level 5 in Maces & Flails
  1560 | D:4      | Reached skill level 1 in Stealth
  1588 | D:4      | Reached XP level 7. HP: 30/55 MP: 7/7
  1747 | D:4      | Noticed Natasha
  1751 | D:4      | Killed Natasha
  1819 | D:4      | Noticed Natasha
  1981 | D:4      | XOM: cleaving
  1985 | D:4      | Killed Natasha
  2029 | D:4      | Noticed Natasha
  2045 | D:4      | Killed Natasha
  2059 | D:4      | XOM: give mutations
  2059 | D:4      | Gained mutation: You are somewhat resistant to further mutation. [Xom's mischief]
  2059 | D:4      | Gained mutation: You have supernaturally acute eyesight. (SInv) [Xom's mischief]
  2059 | D:4      | Gained mutation: You are clumsy. (Dex -2) [Xom's mischief]
  2059 | D:4      | Lost mutation: You are clumsy. (Dex -2) [Xom's mischief]
  2213 | D:4      | Found a snail-covered altar of Cheibriados.
  2220 | D:4      | XOM: noise
  2237 | D:5      | XOM: stealth player
  2237 | D:5      | Entered Level 5 of the Dungeon
  2374 | D:5      | XOM: 4-stop teleportation journey
  2395 | D:5      | Reached skill level 5 in Fighting
  2527 | D:5      | You fall through a shaft for 2 floors!
  2546 | D:7      | XOM: harmless Chrm miscast
  2549 | D:7      | XOM: potion effect (might)
  2551 | D:7      | Reached skill level 6 in Maces & Flails
  2551 | D:7      | Gained mutation: You may emit foul miasma when damaged in melee. [demonic ancestry]
  2551 | D:7      | Reached XP level 8. HP: 49/62 MP: 8/8
  2558 | D:7      | XOM: god gift: shiny gold wand {god gift}
  2607 | D:7      | XOM: scenery: 1 doors open, 1 doors close
  2618 | D:7      | Found an iron altar of Okawaru.
  2620 | D:7      | Found a sacrificial altar of Ru.
  2620 | D:7      | Found an ancient bone altar of Kikubaaqudgha.
  2620 | D:7      | Found a hazy altar of Hepliaklqana.
  2629 | D:7      | Noticed a slime creature
  2633 | D:7      | Noticed a cyan ugly thing
  2639 | D:7      | Killed a slime creature
  2642 | D:7      | Noticed a five-headed hydra
  2645 | D:7      | XOM: enchant monster (good)
  2648 | D:7      | Mangled by a cyan ugly thing

Skill      XL: |  1  2  3  4  5  6  7  8 |
---------------+-------------------------+-----
Maces & Flails | 3 4 5 6 |  6.7
Dodging        | 1 2 3 4 |  4.1
Armour         | 2 3 |  3.5
Fighting       | 4 5 |  5.5
Stealth        | 1 2 |  2.7

Action                   |  1- 3 |  4- 6 |  7- 9 || total
-------------------------+-------+-------+-------++-------
Melee: Mace              |    88 |    72 |   115 ||   275
       Headbutt          |       |    14 |    21 ||    35
Evoke: Wand              |       |       |     3 ||     3
  Use: Scroll            |     1 |     1 |     2 ||     4
       Potion            |     3 |     2 |     3 ||     8
 Stab: Sleeping          |     1 |       |       ||     1
       Paralysed         |       |     1 |     1 ||     2
       Invisible         |       |     2 |       ||     2
  Eat: Chunk             |       |     2 |     1 ||     3
       Ration            |       |       |     1 ||     1
Armor: Leather armour    |    34 |    28 |    14 ||    76
       Scale mail        |       |       |    19 ||    19
Dodge: Dodged            |    46 |    50 |    57 ||   153
